Winnipeg Jets vs Detroit Red Wings (R1)

Created - Sunday, January 18, 2026 at 13:05

Goals
1 2 3 T
Winnipeg Jets 0 2 1 3
Detroit Red Wings 0 3 2 5
Shots
1 2 3 T
Winnipeg Jets 13 17 3 33
Detroit Red Wings 2 14 8 24

1st period

No Goal

Penalties :
Nino Niederreiter (WPG) for Tripping (Minor) at 1:09, Taylor Hall (WPG) for Slashing (Minor) at 6:50

2nd period

1. Winnipeg Jets , Connor Bedard 2 (Jonas Brodin 2, Ridly Greig 2) at 0:22
2. Detroit Red Wings , Zachary L'Heureux 1 (Cole Sillinger 3) at 6:18
3. Winnipeg Jets , Connor Bedard 3 (Mikael Backlund 4, Jonas Brodin 3) at 10:15 (PP)
4. Detroit Red Wings , Cole Sillinger 1 (Zachary L'Heureux 4, Arthur Kaliyev 1) at 10:31
5. Detroit Red Wings , Cole Sillinger 2 (Arthur Kaliyev 2) at 17:39

Penalties :
Connor Bedard (WPG) for Holding (Minor) at 6:21, Cole Sillinger (DET) for High sticking (Minor) at 9:00, Ridly Greig (WPG) for Interference (Minor) at 12:30

3rd period

6. Detroit Red Wings , Kevin Stenlund 1 (Collin Graf 4, Cole Sillinger 4) at 6:01 (SH)
7. Winnipeg Jets , Nino Niederreiter 1 (Sam Steel 1, Sean Durzi 1) at 7:40
8. Detroit Red Wings , Zachary L'Heureux 2 (Cole Sillinger 5, Tanner Pearson 1) at 9:35

Penalties :
Jamie Drysdale (DET) for Tripping (Minor) at 4:40, Jayden Struble (DET) for Cross-checking (Minor) at 13:55

Goalie Stats

Yaroslav Askarov (WPG), 19 saves from 24 shots - (0.792), L, 1-1-0, 60:00 minutes
Sergei Bobrovsky (DET), 30 saves from 33 shots - (0.909), W, 2-1-0, 60:00 minutes

Players Stats for Winnipeg Jets

Player Name              G  A  P  +/- PIM S  H  SB GA TA FO     MP     PP MP  PK MP  
------------------------------------------------------------------------------------
Adam Lowry               0  0  0  -4  0   5  2  1  0  1  12/19  19:39   2:08   3:35 
Alexander Kerfoot        0  0  0  -4  0   4  1  0  2  1  0/0    16:32   2:08   0:13 
Alexis Lafreniere        0  0  0   0  0   2  2  0  1  0  0/0    14:01   0:00   0:53 
Connor Bedard            2  0  2   0  2   2  1  1  0  0  1/1    18:07   3:05   2:51 
Dylan Samberg            0  0  0  -1  0   1  1  1  0  0  0/0    26:04   2:54   4:10 
Haydn Fleury             0  0  0  -3  0   0  1  0  0  0  0/0    21:21   2:19   3:46 
Joel Armia               0  0  0   0  0   1  2  0  0  0  0/1    14:45   0:00   1:52 
Jonas Brodin             0  2  2  -1  0   3  1  3  0  1  0/0    26:04   2:54   4:10 
Matvei Michkov           0  0  0   0  0   1  1  0  0  0  0/0     3:14   0:00   0:00 
Michael Kesselring       0  0  0   1  0   0  0  0  0  0  0/0    12:35   0:00   0:00 
Mikael Backlund          0  1  1   1  0   5  2  0  0  0  13/24  24:09   3:05   3:35 
Nate Schmidt             0  0  0  -3  0   1  2  3  0  1  0/0    21:21   2:19   3:46 
Nino Niederreiter        1  0  1   1  2   1  0  0  0  0  0/0     7:16   0:00   0:00 
Ridly Greig              0  1  1   0  2   3  1  1  0  1  0/0    18:07   3:05   2:53 
Sam Steel                0  1  1   1  0   1  0  0  0  0  2/3     8:12   0:00   0:00 
Sean Durzi               0  1  1   1  0   0  0  0  0  0  0/0    12:35   0:00   0:00 
Taylor Hall              0  0  0  -4  2   2  1  0  2  0  0/1    16:23   2:08   0:00 
Vladislav Namestnikov    0  0  0   0  0   1  1  0  0  0  3/4    11:35   0:00   0:00 

Players Stats for Detroit Red Wings

Player Name              G  A  P  +/- PIM S  H  SB GA TA FO     MP     PP MP  PK MP  
------------------------------------------------------------------------------------
Arthur Kaliyev           0  2  2   4  0   0  0  0  0  0  0/1    17:24   3:44   0:00 
Brad Lambert             0  0  0  -1  0   1  0  0  0  0  1/2    13:01   0:34   0:31 
Cole Sillinger           2  3  5   4  2   6  1  0  2  0  10/20  19:33   3:45   2:04 
Collin Graf              0  1  1  -1  0   4  2  0  1  0  0/1    20:44   3:45   2:53 
Conor Timmins            0  0  0   0  0   0  0  1  0  1  0/0    14:22   0:00   2:32 
Cutter Gauthier          0  0  0  -1  0   2  0  0  0  0  7/22   17:33   3:45   0:00 
Dmitry Orlov             0  0  0   2  0   1  3  1  0  1  0/0    27:31   3:53   2:35 
Fraser Minten            0  0  0  -1  0   1  1  0  0  1  1/1    17:33   3:45   0:00 
Jamie Drysdale           0  0  0   1  2   1  0  1  1  0  0/0    25:12   3:53   0:27 
Jayden Struble           0  0  0   0  2   0  2  0  0  0  0/0    13:43   0:00   1:37 
Kevin Stenlund           1  0  1   1  0   1  0  0  0  0  3/5     9:09   0:00   2:17 
Nate Danielson           0  0  0   0  0   0  2  0  0  0  0/0    14:17   0:28   2:17 
Peyton Krebs             0  0  0   0  0   1  2  0  0  0  0/0     7:28   0:05   0:21 
Ryan Graves              0  0  0   2  0   1  1  1  0  1  0/0    21:10   4:03   2:35 
Shayne Gostisbehere      0  0  0   1  0   2  3  0  0  1  0/0    19:03   4:03   0:40 
Tanner Pearson           0  1  1  -1  0   0  0  0  0  0  0/0    11:17   0:00   0:00 
Vasili Podkolzin         0  0  0   0  0   0  1  0  0  0  0/0     8:39   0:14   0:03 
Zachary L'Heureux        2  1  3   4  0   3  0  1  1  0  0/1    17:05   3:43   0:00 

3 Stars

1 - Cole Sillinger (DET)
2 - Zachary L'Heureux (DET)
3 - Arthur Kaliyev (DET)

Power Play

Winnipeg Jets - 1 on 3 Attempt(s) - 33.33%
Detroit Red Wings - 0 on 4 Attempt(s) - 0.00%

Penalty Kill

Winnipeg Jets - 4 on 4 Attempt(s) - 100.00% - Score 0 goal in Penalty Kill
Detroit Red Wings - 2 on 3 Attempt(s) - 66.67% - Score 1 goal in Penalty Kill

Team Stat

Winnipeg Jets - Hits : 19 - Faceoff Wins : 31 - Blocked Shots : 10 - Penalty Minutes : 8
Detroit Red Wings - Hits : 18 - Faceoff Wins : 22 - Blocked Shots : 5 - Penalty Minutes : 6

Official

Referees : Peter Macdougall and Brandon Schrader
Linesman : Ryan Galloway and CJ Murray

Game Notes

No Game Note

Finance

Level 1 -- Attendance: 5911 (98.52%) -- Ticket Income $561,545
Level 2 -- Attendance: 5000 (100.00%) -- Ticket Income $275,000
Level 3 -- Attendance: 2665 (88.83%) -- Ticket Income $79,950
Level 4 -- Attendance: 4505 (90.10%) -- Ticket Income $90,100
Luxury Box -- Attendance: 922 (92.20%) -- Ticket Income $175,180
Game was played at the Joe Louis Arena.
Total Attendance: 19003 (95.02%)
Total Ticket Income: $1,181,775
Other Income: $413,621
Total Income: $1,595,396

Winnipeg Jets

5 vs 5 Forward 
   Center                   Left Wing                Right Wing               Time % Phy DF OF 
 1 Mikael Backlund          Connor Bedard            Ridly Greig              30     1   2  2  
 2 Adam Lowry               Taylor Hall              Alexander Kerfoot        30     1   2  2  
 3 Vladislav Namestnikov    Alexis Lafreniere        Joel Armia               25     1   2  2  
 4 Sam Steel                Mikael Backlund          Nino Niederreiter        15     1   2  2  

5 vs 5 Defense 
   Defense                  Defense                                           Time % Phy DF OF 
 1 Dylan Samberg            Jonas Brodin                                      30     1   2  2  
 2 Nate Schmidt             Haydn Fleury                                      30     1   2  2  
 3 Sean Durzi               Michael Kesselring                                25     1   2  2  
 4 Dylan Samberg            Jonas Brodin                                      15     1   2  2  

PowerPlay Forward 
   Center                   Left Wing                Right Wing               Time % Phy DF OF 
 1 Mikael Backlund          Connor Bedard            Ridly Greig              50     1   2  2  
 2 Adam Lowry               Taylor Hall              Alexander Kerfoot        50     1   2  2  

PowerPlay Defense
   Defense                  Defense                                           Time % Phy DF OF 
 1 Dylan Samberg            Jonas Brodin                                      50     1   2  2  
 2 Nate Schmidt             Haydn Fleury                                      50     1   2  2  

Penalty Kill 4 Players Forward 
   Center                   Wing                     Time % Phy DF OF 
 1 Mikael Backlund          Connor Bedard            50     1   2  2  
 2 Adam Lowry               Ridly Greig              50     1   2  2  

Penalty Kill 4 Players Defense
   Defense                  Defense                  Time % Phy DF OF 
 1 Dylan Samberg            Jonas Brodin             50     1   2  2  
 2 Nate Schmidt             Haydn Fleury             50     1   2  2  

Penalty Kill - 3 Players Forward 
   Forward                                           Time % Phy DF OF 
 1 Mikael Backlund                                   50     1   2  2  
 2 Connor Bedard                                     50     1   2  2  

Penalty Kill - 3 Players Defense
   Defense                  Defense                  Time % Phy DF OF 
 1 Dylan Samberg            Jonas Brodin             50     1   2  2  
 2 Nate Schmidt             Haydn Fleury             50     1   2  2  

4 vs 4 Forward 
   Center                   Wing                     Time % Phy DF OF 
 1 Mikael Backlund          Connor Bedard            50     1   2  2  
 2 Adam Lowry               Ridly Greig              50     1   2  2  

4 vs 4 Defense
   Defense                  Defense                  Time % Phy DF OF 
 1 Dylan Samberg            Jonas Brodin             50     1   2  2  
 2 Nate Schmidt             Haydn Fleury             50     1   2  2  

Last Minutes Offensive
   Center                   Left Wing                Right Wing               Defense                  Defense                  
   Mikael Backlund          Connor Bedard            Ridly Greig              Dylan Samberg            Jonas Brodin             

Last Minutes Defensive
   Center                   Left Wing                Right Wing               Defense                  Defense                  
   Mikael Backlund          Connor Bedard            Ridly Greig              Dylan Samberg            Jonas Brodin             

Goaltenders
Starting : Yaroslav Askarov         
Backup : Dustin Wolf              

Extra Forwards
Normal : Matvei Michkov, Alexis Lafreniere, Joel Armia - PP : Matvei Michkov, Alexis Lafreniere - PK : Joel Armia
Extra Defensemen
Normal : Dylan Samberg, Michael Kesselring, Nate Schmidt - PP : Jonas Brodin - PK : Michael Kesselring, Nate Schmidt
Penalty Shots
Mikael Backlund, Connor Bedard, Adam Lowry, Ridly Greig, Taylor Hall

Scratches
Jason Zucker (Healthy), Erik Brannstrom (Healthy), Barclay Goodrow (Healthy), Derek Forbort (Bruised Right Shoulder Injury)

Detroit Red Wings

5 vs 5 Forward 
   Center                   Left Wing                Right Wing               Time % Phy DF OF 
 1 Cutter Gauthier          Fraser Minten            Collin Graf              35     1   2  2  
 2 Cole Sillinger           Zachary L'Heureux        Arthur Kaliyev           35     1   1  3  
 3 Brad Lambert             Nate Danielson           Tanner Pearson           20     1   2  2  
 4 Kevin Stenlund           Peyton Krebs             Vasili Podkolzin         10     2   2  1  

5 vs 5 Defense 
   Defense                  Defense                                           Time % Phy DF OF 
 1 Jamie Drysdale           Dmitry Orlov                                      40     1   2  2  
 2 Shayne Gostisbehere      Ryan Graves                                       30     1   2  2  
 3 Conor Timmins            Jayden Struble                                    20     3   1  1  
 4 Jamie Drysdale           Dmitry Orlov                                      10     1   2  2  

PowerPlay Forward 
   Center                   Left Wing                Right Wing               Time % Phy DF OF 
 1 Cutter Gauthier          Fraser Minten            Collin Graf              50     0   1  4  
 2 Cole Sillinger           Zachary L'Heureux        Arthur Kaliyev           50     0   1  4  

PowerPlay Defense
   Defense                  Defense                                           Time % Phy DF OF 
 1 Jamie Drysdale           Dmitry Orlov                                      50     1   2  2  
 2 Shayne Gostisbehere      Ryan Graves                                       50     1   2  2  

Penalty Kill 4 Players Forward 
   Center                   Wing                     Time % Phy DF OF 
 1 Kevin Stenlund           Nate Danielson           50     2   2  1  
 2 Cole Sillinger           Collin Graf              50     2   2  1  

Penalty Kill 4 Players Defense
   Defense                  Defense                  Time % Phy DF OF 
 1 Ryan Graves              Dmitry Orlov             50     2   2  1  
 2 Conor Timmins            Jayden Struble           50     2   2  1  

Penalty Kill - 3 Players Forward 
   Forward                                           Time % Phy DF OF 
 1 Cutter Gauthier                                   50     1   2  2  
 2 Cole Sillinger                                    50     1   2  2  

Penalty Kill - 3 Players Defense
   Defense                  Defense                  Time % Phy DF OF 
 1 Ryan Graves              Dmitry Orlov             50     1   2  2  
 2 Conor Timmins            Jayden Struble           50     2   2  1  

4 vs 4 Forward 
   Center                   Wing                     Time % Phy DF OF 
 1 Cutter Gauthier          Collin Graf              60     1   2  2  
 2 Cole Sillinger           Fraser Minten            40     1   1  3  

4 vs 4 Defense
   Defense                  Defense                  Time % Phy DF OF 
 1 Jamie Drysdale           Dmitry Orlov             60     1   2  2  
 2 Shayne Gostisbehere      Ryan Graves              40     1   2  2  

Last Minutes Offensive
   Center                   Left Wing                Right Wing               Defense                  Defense                  
   Cutter Gauthier          Cole Sillinger           Collin Graf              Jamie Drysdale           Dmitry Orlov             

Last Minutes Defensive
   Center                   Left Wing                Right Wing               Defense                  Defense                  
   Cutter Gauthier          Cole Sillinger           Collin Graf              Jamie Drysdale           Dmitry Orlov             

Goaltenders
Starting : Sergei Bobrovsky         
Backup : Laurent Brossoit         

Extra Forwards
Normal : Brad Lambert, Nate Danielson, Tanner Pearson - PP : Brad Lambert, Nate Danielson - PK : Brad Lambert
Extra Defensemen
Normal : Shayne Gostisbehere, Jamie Drysdale, Jayden Struble - PP : Shayne Gostisbehere - PK : Shayne Gostisbehere, Jamie Drysdale
Penalty Shots
Cutter Gauthier, Collin Graf, Cole Sillinger, Nate Danielson, Fraser Minten

Scratches
Jackson LaCombe (Healthy), Christian Fischer (Healthy), Kasperi Kapanen (Healthy), Yakov Trenin (Healthy), Vitek Vanecek (Healthy)

% Time on Ice - Winnipeg Jets

Lines # - Real PCT - Wanted PCT - Time Play
Normal Forward
1 - 27% - 30% - 12:40
2 - 33% - 30% - 15:41
3 - 25% - 25% - 11:35
4 - 15% - 15% - 6:55
Normal Defense
1 - 30% - 30% - 13:56
2 - 33% - 30% - 15:16
3 - 27% - 25% - 12:35
4 - 11% - 15% - 5:04
PP Forward
1 - 59% - 50% - 3:05
2 - 41% - 50% - 2:08
PP Defense
1 - 56% - 50% - 2:54
2 - 44% - 50% - 2:19
PK Forward
1 - 45% - 50% - 3:35
2 - 55% - 50% - 4:21
PK Defense
1 - 53% - 50% - 4:10
2 - 47% - 50% - 3:46
PK3 Forward
1 - 0% - 50%
2 - 0% - 50%
PK3 Defense
1 - 0% - 50%
2 - 0% - 50%
44 Forward
1 - 0% - 50%
2 - 0% - 50%
44 Defense
1 - 0% - 50%
2 - 0% - 50%
Last Minute Offensive  - 0:00
Last Minute Defensive  - 0:00
Total
Forward - 60:00
Defense - 60:00

% Time on Ice - Detroit Red Wings

Lines # - Real PCT - Wanted PCT - Time Play
Normal Forward
1 - 32% - 35% - 14:53
2 - 31% - 35% - 14:38
3 - 22% - 20% - 10:28
4 - 15% - 10% - 6:52
Normal Defense
1 - 41% - 40% - 19:11
2 - 31% - 30% - 14:29
3 - 24% - 20% - 11:19
4 - 4% - 10% - 1:52
PP Forward
1 - 50% - 50% - 3:59
2 - 50% - 50% - 3:57
PP Defense
1 - 49% - 50% - 3:53
2 - 51% - 50% - 4:03
PK Forward
1 - 45% - 50% - 2:20
2 - 55% - 50% - 2:53
PK Defense
1 - 50% - 50% - 2:35
2 - 50% - 50% - 2:38
PK3 Forward
1 - 0% - 50%
2 - 0% - 50%
PK3 Defense
1 - 0% - 50%
2 - 0% - 50%
44 Forward
1 - 0% - 60%
2 - 0% - 40%
44 Defense
1 - 0% - 60%
2 - 0% - 40%
Last Minute Offensive  - 0:00
Last Minute Defensive  - 0:00
Total
Forward - 60:00
Defense - 60:00

Play-by-Play

1st period


0:01 of 1st period - Cutter Gauthier wins face-off versus Mikael Backlund in neutral zone.
1:00 of 1st period - Wrist shot by Alexis Lafreniere.
1:00 of 1st period - Shot Misses the Net.
1:09 of 1st period - Minor Penalty to Nino Niederreiter for Tripping.
1:10 of 1st period - Mikael Backlund wins face-off versus Cutter Gauthier in Winnipeg Jets zone.
1:18 of 1st period - Wrist shot by Ridly Greig.
1:18 of 1st period - Stopped by Sergei Bobrovsky without a rebound.
1:19 of 1st period - Adam Lowry wins face-off versus Cutter Gauthier in Detroit Red Wings zone.
1:22 of 1st period - Slapshot by Adam Lowry.
1:22 of 1st period - Stopped by Sergei Bobrovsky with a rebound.
1:24 of 1st period - Wrist shot by Ridly Greig.
1:24 of 1st period - Shot Misses the Net.
1:26 of 1st period - Snap shot by Adam Lowry.
1:26 of 1st period - Shot Misses the Net.
1:28 of 1st period - Snap shot by Haydn Fleury.
1:28 of 1st period - Shot Misses the Net.
1:34 of 1st period - Wrist shot by Collin Graf.
1:34 of 1st period - Shot Blocked by Nate Schmidt.
1:54 of 1st period - Snap shot by Cutter Gauthier.
1:54 of 1st period - Stopped by Yaroslav Askarov with a rebound.
2:39 of 1st period - Icing by Cole Sillinger.
2:40 of 1st period - Adam Lowry wins face-off versus Cole Sillinger in Detroit Red Wings zone.
3:09 of 1st period - Penalty to Nino Niederreiter is over, Nino Niederreiter is back on ice.
4:21 of 1st period - Icing by Ridly Greig.
4:22 of 1st period - Adam Lowry wins face-off versus Cutter Gauthier in Winnipeg Jets zone.
4:58 of 1st period - Snap shot by Connor Bedard.
4:58 of 1st period - Shot Misses the Net.
5:54 of 1st period - Snap shot by Adam Lowry.
5:54 of 1st period - Stopped by Sergei Bobrovsky without a rebound.
5:55 of 1st period - Vladislav Namestnikov wins face-off versus Cole Sillinger in Detroit Red Wings zone.
6:08 of 1st period - Snap shot by Alexis Lafreniere.
6:08 of 1st period - Shot Blocked by Zachary L'Heureux.
6:10 of 1st period - Slapshot by Dylan Samberg.
6:10 of 1st period - Shot Misses the Net.
6:20 of 1st period - Arthur Kaliyev is hit by Jonas Brodin and loses puck.
6:25 of 1st period - Wrist shot by Connor Bedard.
6:25 of 1st period - Shot Misses the Net.
6:27 of 1st period - Snap shot by Mikael Backlund.
6:27 of 1st period - Shot Misses the Net.
6:29 of 1st period - Snap shot by Mikael Backlund.
6:29 of 1st period - Stopped by Sergei Bobrovsky with a rebound.
6:31 of 1st period - Snap shot by Mikael Backlund.
6:31 of 1st period - Stopped by Sergei Bobrovsky with a rebound.
6:50 of 1st period - Minor Penalty to Taylor Hall for Slashing.
6:51 of 1st period - Mikael Backlund wins face-off versus Cutter Gauthier in Winnipeg Jets zone.
8:11 of 1st period - Collin Graf is hit by Adam Lowry and loses puck.
8:50 of 1st period - Penalty to Taylor Hall is over, Taylor Hall is back on ice.
9:29 of 1st period - Wrist shot by Mikael Backlund.
9:29 of 1st period - Shot Misses the Net.
10:15 of 1st period - Haydn Fleury is hit by Cole Sillinger and loses puck.
11:13 of 1st period - Wrist shot by Collin Graf.
11:13 of 1st period - Shot Misses the Net.
11:23 of 1st period - Joel Armia is hit by Vasili Podkolzin and loses puck.
11:38 of 1st period - Snap shot by Mikael Backlund.
11:38 of 1st period - Shot Misses the Net.
11:40 of 1st period - Slapshot by Dylan Samberg.
11:40 of 1st period - Stopped by Sergei Bobrovsky with a rebound.
11:47 of 1st period - Icing by Jamie Drysdale.
11:48 of 1st period - Adam Lowry wins face-off versus Cole Sillinger in Detroit Red Wings zone.
11:59 of 1st period - Wrist shot by Taylor Hall.
11:59 of 1st period - Shot Misses the Net.
12:01 of 1st period - Slapshot by Nate Schmidt.
12:01 of 1st period - Deflect By Cole Sillinger.
12:01 of 1st period - Stopped by Sergei Bobrovsky with a rebound.
12:03 of 1st period - Backhand shot by Nate Schmidt.
12:03 of 1st period - Shot Misses the Net.
12:21 of 1st period - Fraser Minten is hit by Vladislav Namestnikov and loses puck.
12:45 of 1st period - Snap shot by Mikael Backlund.
12:45 of 1st period - Stopped by Sergei Bobrovsky without a rebound.
12:46 of 1st period - Brad Lambert wins face-off versus Sam Steel in Detroit Red Wings zone.
13:01 of 1st period - Snap shot by Tanner Pearson.
13:01 of 1st period - Shot Misses the Net.
13:14 of 1st period - Slapshot by Sam Steel.
13:14 of 1st period - Stopped by Sergei Bobrovsky without a rebound.
13:15 of 1st period - Adam Lowry wins face-off versus Cutter Gauthier in Detroit Red Wings zone.
13:44 of 1st period - Wrist shot by Arthur Kaliyev.
13:44 of 1st period - Shot Misses the Net.
15:12 of 1st period - Wrist shot by Arthur Kaliyev.
15:12 of 1st period - Shot Blocked by Dylan Samberg.
15:14 of 1st period - Wrist shot by Zachary L'Heureux.
15:14 of 1st period - Shot Blocked by Connor Bedard.
15:16 of 1st period - Slapshot by Arthur Kaliyev.
15:16 of 1st period - Shot Misses the Net.
16:04 of 1st period - Backhand shot by Cutter Gauthier.
16:04 of 1st period - Shot Misses the Net.
16:08 of 1st period - Slapshot by Cutter Gauthier.
16:08 of 1st period - Shot Misses the Net.
16:10 of 1st period - Slapshot by Shayne Gostisbehere.
16:10 of 1st period - Shot Misses the Net.
16:12 of 1st period - Snap shot by Shayne Gostisbehere.
16:12 of 1st period - Stopped by Yaroslav Askarov with a rebound.
16:14 of 1st period - Snap shot by Cutter Gauthier.
16:14 of 1st period - Shot Misses the Net.
16:26 of 1st period - Snap shot by Vladislav Namestnikov.
16:26 of 1st period - Deflect By Alexis Lafreniere.
16:26 of 1st period - Shot Blocked by Ryan Graves.
16:26 of 1st period - Puck is out of play.
16:27 of 1st period - Cole Sillinger wins face-off versus Vladislav Namestnikov in Detroit Red Wings zone.
16:34 of 1st period - Snap shot by Zachary L'Heureux.
16:34 of 1st period - Deflect By Joel Armia.
16:34 of 1st period - Shot Misses the Net.
16:34 of 1st period - Puck is out of play.
16:35 of 1st period - Adam Lowry wins face-off versus Cutter Gauthier in Winnipeg Jets zone.
16:47 of 1st period - Off-side.
16:48 of 1st period - Cutter Gauthier wins face-off versus Mikael Backlund in neutral zone.
16:51 of 1st period - Dylan Samberg is hit by Fraser Minten and loses puck.
17:14 of 1st period - Zachary L'Heureux is hit by Alexander Kerfoot and loses puck.
17:25 of 1st period - Wrist shot by Taylor Hall.
17:25 of 1st period - Stopped by Sergei Bobrovsky with a rebound.
17:35 of 1st period - Wrist shot by Joel Armia.
17:35 of 1st period - Stopped by Sergei Bobrovsky without a rebound.
17:36 of 1st period - Vladislav Namestnikov wins face-off versus Cutter Gauthier in Detroit Red Wings zone.
18:14 of 1st period - Wrist shot by Mikael Backlund.
18:14 of 1st period - Stopped by Sergei Bobrovsky without a rebound.
18:15 of 1st period - Cutter Gauthier wins face-off versus Adam Lowry in Detroit Red Wings zone.
18:28 of 1st period - Snap shot by Taylor Hall.
18:28 of 1st period - Stopped by Sergei Bobrovsky with a rebound.
19:46 of 1st period - Taylor Hall is hit by Collin Graf.
Goals for this period are 0 for Winnipeg Jets vs 0 for Detroit Red Wings.
Shots for this period are 13 for Winnipeg Jets vs 2 for Detroit Red Wings.

2nd period


0:01 of 2nd period - Cole Sillinger wins face-off versus Mikael Backlund in neutral zone.
0:06 of 2nd period - Wrist shot by Cole Sillinger.
0:06 of 2nd period - Stopped by Yaroslav Askarov without a rebound.
0:07 of 2nd period - Cole Sillinger wins face-off versus Mikael Backlund in Winnipeg Jets zone.
0:14 of 2nd period - Snap shot by Mikael Backlund.
0:14 of 2nd period - Deflect By Jamie Drysdale.
0:14 of 2nd period - Shot Misses the Net.
0:14 of 2nd period - Puck is out of play.
0:15 of 2nd period - Mikael Backlund wins face-off versus Cutter Gauthier in Detroit Red Wings zone.
0:18 of 2nd period - Snap shot by Ridly Greig.
0:18 of 2nd period - Stopped by Sergei Bobrovsky with a rebound.
0:20 of 2nd period - Wrist shot by Jonas Brodin.
0:20 of 2nd period - Stopped by Sergei Bobrovsky with a rebound.
0:22 of 2nd period - Wrist shot by Connor Bedard.
0:22 of 2nd period - Goal by Connor Bedard - Winnipeg Jets : 1 - Detroit Red Wings : 0.
0:23 of 2nd period - Mikael Backlund wins face-off versus Cole Sillinger in neutral zone.
0:54 of 2nd period - Wrist shot by Alexis Lafreniere.
0:54 of 2nd period - Stopped by Sergei Bobrovsky without a rebound.
0:55 of 2nd period - Vladislav Namestnikov wins face-off versus Cutter Gauthier in Detroit Red Wings zone.
0:56 of 2nd period - Backhand shot by Alexis Lafreniere.
0:56 of 2nd period - Deflect By Joel Armia.
0:56 of 2nd period - Shot Misses the Net.
0:56 of 2nd period - Puck is out of play.
0:57 of 2nd period - Fraser Minten wins face-off versus Joel Armia in Detroit Red Wings zone.
1:08 of 2nd period - Snap shot by Collin Graf.
1:08 of 2nd period - Shot Misses the Net.
1:22 of 2nd period - Zachary L'Heureux is hit by Haydn Fleury.
1:26 of 2nd period - Connor Bedard is hit by Dmitry Orlov.
1:32 of 2nd period - Icing by Dmitry Orlov.
1:33 of 2nd period - Adam Lowry wins face-off versus Cole Sillinger in Detroit Red Wings zone.
1:42 of 2nd period - Slapshot by Alexander Kerfoot.
1:42 of 2nd period - Shot Misses the Net.
1:52 of 2nd period - Wrist shot by Zachary L'Heureux.
1:52 of 2nd period - Shot Misses the Net.
1:54 of 2nd period - Wrist shot by Zachary L'Heureux.
1:54 of 2nd period - Shot Blocked by Adam Lowry.
1:56 of 2nd period - Snap shot by Cole Sillinger.
1:56 of 2nd period - Stopped by Yaroslav Askarov without a rebound.
1:57 of 2nd period - Mikael Backlund wins face-off versus Collin Graf in Winnipeg Jets zone.
2:24 of 2nd period - Ryan Graves is hit by Alexis Lafreniere and loses puck.
3:16 of 2nd period - Nino Niederreiter is hit by Peyton Krebs and loses puck.
3:29 of 2nd period - Slapshot by Cutter Gauthier.
3:29 of 2nd period - Shot Misses the Net.
3:35 of 2nd period - Snap shot by Collin Graf.
3:35 of 2nd period - Stopped by Yaroslav Askarov with a rebound.
3:51 of 2nd period - Snap shot by Brad Lambert.
3:51 of 2nd period - Stopped by Yaroslav Askarov with a rebound.
3:57 of 2nd period - Snap shot by Brad Lambert.
3:57 of 2nd period - Shot Hit the Post.
4:26 of 2nd period - Wrist shot by Vladislav Namestnikov.
4:26 of 2nd period - Stopped by Sergei Bobrovsky with a rebound.
5:15 of 2nd period - Slapshot by Tanner Pearson.
5:15 of 2nd period - Shot Misses the Net.
5:56 of 2nd period - Sam Steel is hit by Jayden Struble and loses puck.
6:16 of 2nd period - Wrist shot by Cole Sillinger.
6:16 of 2nd period - Stopped by Yaroslav Askarov without a rebound.
6:17 of 2nd period - Cole Sillinger wins face-off versus Adam Lowry in Winnipeg Jets zone.
6:18 of 2nd period - Snap shot by Zachary L'Heureux.
6:18 of 2nd period - Goal by Zachary L'Heureux - Winnipeg Jets : 1 - Detroit Red Wings : 1.
6:19 of 2nd period - Mikael Backlund wins face-off versus Cutter Gauthier in neutral zone.
6:21 of 2nd period - Minor Penalty to Connor Bedard for Holding.
6:22 of 2nd period - Mikael Backlund wins face-off versus Cole Sillinger in Winnipeg Jets zone.
6:29 of 2nd period - Off-side.
6:30 of 2nd period - Adam Lowry wins face-off versus Cole Sillinger in neutral zone.
6:39 of 2nd period - Snap shot by Zachary L'Heureux.
6:39 of 2nd period - Shot Blocked by Nate Schmidt.
6:41 of 2nd period - Wrist shot by Cole Sillinger.
6:41 of 2nd period - Stopped by Yaroslav Askarov with a rebound.
6:43 of 2nd period - Snap shot by Cole Sillinger.
6:43 of 2nd period - Shot Misses the Net.
6:45 of 2nd period - Wrist shot by Zachary L'Heureux.
6:45 of 2nd period - Stopped by Yaroslav Askarov without a rebound.
6:46 of 2nd period - Cutter Gauthier wins face-off versus Mikael Backlund in Winnipeg Jets zone.
7:09 of 2nd period - Wrist shot by Ridly Greig.
7:09 of 2nd period - Deflect By Adam Lowry.
7:09 of 2nd period - Stopped by Sergei Bobrovsky without a rebound.
7:10 of 2nd period - Mikael Backlund wins face-off versus Cole Sillinger in Detroit Red Wings zone.
7:17 of 2nd period - Joel Armia is hit by Ryan Graves and loses puck.
7:22 of 2nd period - Wrist shot by Cole Sillinger.
7:22 of 2nd period - Deflect By Zachary L'Heureux.
7:22 of 2nd period - Shot Misses the Net.
7:22 of 2nd period - Puck is out of play.
7:23 of 2nd period - Cole Sillinger wins face-off versus Mikael Backlund in Winnipeg Jets zone.
8:21 of 2nd period - Penalty to Connor Bedard is over, Connor Bedard is back on ice.
8:24 of 2nd period - Wrist shot by Mikael Backlund.
8:24 of 2nd period - Stopped by Sergei Bobrovsky with a rebound.
8:38 of 2nd period - Wrist shot by Adam Lowry.
8:38 of 2nd period - Stopped by Sergei Bobrovsky with a rebound.
8:40 of 2nd period - Snap shot by Adam Lowry.
8:40 of 2nd period - Deflect By Alexander Kerfoot.
8:40 of 2nd period - Stopped by Sergei Bobrovsky with a rebound.
8:42 of 2nd period - Wrist shot by Alexander Kerfoot.
8:42 of 2nd period - Stopped by Sergei Bobrovsky without a rebound.
8:43 of 2nd period - Cole Sillinger wins face-off versus Adam Lowry in Detroit Red Wings zone.
9:00 of 2nd period - Minor Penalty to Cole Sillinger for High sticking.
9:01 of 2nd period - Kevin Stenlund wins face-off versus Mikael Backlund in Detroit Red Wings zone.
9:01 of 2nd period - Kevin Stenlund is hit by Mikael Backlund.
10:15 of 2nd period - Snap shot by Connor Bedard.
10:15 of 2nd period - Goal by Connor Bedard - Winnipeg Jets : 2 - Detroit Red Wings : 1.
10:16 of 2nd period - Cole Sillinger wins face-off versus Adam Lowry in neutral zone.
10:25 of 2nd period - Slapshot by Jamie Drysdale.
10:25 of 2nd period - Stopped by Yaroslav Askarov with a rebound.
10:27 of 2nd period - Snap shot by Arthur Kaliyev.
10:27 of 2nd period - Shot Misses the Net.
10:29 of 2nd period - Slapshot by Zachary L'Heureux.
10:29 of 2nd period - Shot Blocked by Nate Schmidt.
10:31 of 2nd period - Wrist shot by Cole Sillinger.
10:31 of 2nd period - Goal by Cole Sillinger - Winnipeg Jets : 2 - Detroit Red Wings : 2.
10:32 of 2nd period - Cutter Gauthier wins face-off versus Adam Lowry in neutral zone.
10:48 of 2nd period - Slapshot by Collin Graf.
10:48 of 2nd period - Stopped by Yaroslav Askarov with a rebound.
11:07 of 2nd period - Slapshot by Adam Lowry.
11:07 of 2nd period - Shot Misses the Net.
11:29 of 2nd period - Nate Schmidt is hit by Nate Danielson and loses puck.
12:11 of 2nd period - Snap shot by Alexander Kerfoot.
12:11 of 2nd period - Stopped by Sergei Bobrovsky without a rebound.
12:12 of 2nd period - Cutter Gauthier wins face-off versus Mikael Backlund in Detroit Red Wings zone.
12:25 of 2nd period - Snap shot by Collin Graf.
12:25 of 2nd period - Stopped by Yaroslav Askarov without a rebound.
12:26 of 2nd period - Cole Sillinger wins face-off versus Mikael Backlund in Winnipeg Jets zone.
12:30 of 2nd period - Minor Penalty to Ridly Greig for Interference.
12:31 of 2nd period - Mikael Backlund wins face-off versus Cole Sillinger in Winnipeg Jets zone.
12:31 of 2nd period - Mikael Backlund is hit by Shayne Gostisbehere.
14:30 of 2nd period - Penalty to Ridly Greig is over, Ridly Greig is back on ice.
15:34 of 2nd period - Slapshot by Matvei Michkov.
15:34 of 2nd period - Stopped by Sergei Bobrovsky with a rebound.
15:36 of 2nd period - Snap shot by Alexander Kerfoot.
15:36 of 2nd period - Shot Misses the Net.
15:38 of 2nd period - Slapshot by Jonas Brodin.
15:38 of 2nd period - Stopped by Sergei Bobrovsky with a rebound.
16:21 of 2nd period - Alexander Kerfoot is hit by Nate Danielson and loses puck.
17:14 of 2nd period - Jayden Struble is hit by Alexis Lafreniere and loses puck.
17:34 of 2nd period - Dylan Samberg is hit by Jayden Struble and loses puck.
17:39 of 2nd period - Wrist shot by Cole Sillinger.
17:39 of 2nd period - Deflect By Mikael Backlund.
17:39 of 2nd period - Goal by Cole Sillinger - Winnipeg Jets : 2 - Detroit Red Wings : 3.
17:40 of 2nd period - Adam Lowry wins face-off versus Cutter Gauthier in neutral zone.
17:43 of 2nd period - Collin Graf is hit by Taylor Hall and loses puck.
17:48 of 2nd period - Snap shot by Adam Lowry.
17:48 of 2nd period - Stopped by Sergei Bobrovsky with a rebound.
17:50 of 2nd period - Slapshot by Jonas Brodin.
17:50 of 2nd period - Shot Misses the Net.
17:52 of 2nd period - Wrist shot by Alexander Kerfoot.
17:52 of 2nd period - Shot Blocked by Jamie Drysdale.
17:54 of 2nd period - Slapshot by Jonas Brodin.
17:54 of 2nd period - Stopped by Sergei Bobrovsky with a rebound.
17:56 of 2nd period - Snap shot by Alexander Kerfoot.
17:56 of 2nd period - Deflect By Jamie Drysdale.
17:56 of 2nd period - Stopped by Sergei Bobrovsky with a rebound.
19:26 of 2nd period - Jamie Drysdale is hit by Joel Armia and loses puck.
19:53 of 2nd period - Slapshot by Shayne Gostisbehere.
19:53 of 2nd period - Stopped by Yaroslav Askarov with a rebound.
Goals for this period are 2 for Winnipeg Jets vs 3 for Detroit Red Wings.
Shots for this period are 17 for Winnipeg Jets vs 14 for Detroit Red Wings.

3rd period


0:01 of 3rd period - Connor Bedard wins face-off versus Cutter Gauthier in neutral zone.
0:10 of 3rd period - Ridly Greig is hit by Collin Graf and loses puck.
1:16 of 3rd period - Wrist shot by Kevin Stenlund.
1:16 of 3rd period - Shot Misses the Net.
2:14 of 3rd period - Brad Lambert is hit by Ridly Greig and loses puck.
2:41 of 3rd period - Taylor Hall is hit by Dmitry Orlov and loses puck.
2:48 of 3rd period - Alexander Kerfoot is hit by Dmitry Orlov.
2:54 of 3rd period - Kevin Stenlund is hit by Adam Lowry and loses puck.
3:36 of 3rd period - Slapshot by Zachary L'Heureux.
3:36 of 3rd period - Shot Blocked by Jonas Brodin.
3:38 of 3rd period - Snap shot by Cole Sillinger.
3:38 of 3rd period - Shot Misses the Net.
3:50 of 3rd period - Snap shot by Alexis Lafreniere.
3:50 of 3rd period - Stopped by Sergei Bobrovsky with a rebound.
4:27 of 3rd period - Wrist shot by Peyton Krebs.
4:27 of 3rd period - Stopped by Yaroslav Askarov without a rebound.
4:28 of 3rd period - Sam Steel wins face-off versus Kevin Stenlund in Winnipeg Jets zone.
4:28 of 3rd period - Sam Steel is hit by Peyton Krebs.
4:38 of 3rd period - Wrist shot by Sam Steel.
4:38 of 3rd period - Shot Blocked by Dmitry Orlov.
4:40 of 3rd period - Minor Penalty to Jamie Drysdale for Tripping.
4:41 of 3rd period - Kevin Stenlund wins face-off versus Taylor Hall in Detroit Red Wings zone.
5:14 of 3rd period - Wrist shot by Ridly Greig.
5:14 of 3rd period - Stopped by Sergei Bobrovsky without a rebound.
5:15 of 3rd period - Cole Sillinger wins face-off versus Adam Lowry in Detroit Red Wings zone.
6:01 of 3rd period - Snap shot by Kevin Stenlund.
6:01 of 3rd period - Goal by Kevin Stenlund - Winnipeg Jets : 2 - Detroit Red Wings : 4.
6:02 of 3rd period - Kevin Stenlund wins face-off versus Adam Lowry in neutral zone.
6:40 of 3rd period - Penalty to Jamie Drysdale is over, Jamie Drysdale is back on ice.
6:51 of 3rd period - Collin Graf is hit by Joel Armia and loses puck.
7:09 of 3rd period - Icing by Ryan Graves.
7:10 of 3rd period - Cole Sillinger wins face-off versus Mikael Backlund in Detroit Red Wings zone.
7:15 of 3rd period - Slapshot by Ryan Graves.
7:15 of 3rd period - Stopped by Yaroslav Askarov without a rebound.
7:16 of 3rd period - Sam Steel wins face-off versus Brad Lambert in Winnipeg Jets zone.
7:36 of 3rd period - Snap shot by Nino Niederreiter.
7:36 of 3rd period - Shot Misses the Net.
7:38 of 3rd period - Wrist shot by Sam Steel.
7:38 of 3rd period - Shot Blocked by Conor Timmins.
7:40 of 3rd period - Wrist shot by Nino Niederreiter.
7:40 of 3rd period - Goal by Nino Niederreiter - Winnipeg Jets : 3 - Detroit Red Wings : 4.
7:41 of 3rd period - Mikael Backlund wins face-off versus Cutter Gauthier in neutral zone.
7:51 of 3rd period - Wrist shot by Jamie Drysdale.
7:51 of 3rd period - Shot Blocked by Ridly Greig.
7:53 of 3rd period - Slapshot by Dmitry Orlov.
7:53 of 3rd period - Stopped by Yaroslav Askarov with a rebound.
7:55 of 3rd period - Snap shot by Cutter Gauthier.
7:55 of 3rd period - Shot Misses the Net.
7:57 of 3rd period - Snap shot by Jamie Drysdale.
7:57 of 3rd period - Deflect By Cutter Gauthier.
7:57 of 3rd period - Shot Blocked by Jonas Brodin.
7:57 of 3rd period - Puck is out of play.
7:58 of 3rd period - Adam Lowry wins face-off versus Zachary L'Heureux in Winnipeg Jets zone.
8:08 of 3rd period - Shayne Gostisbehere is hit by Nate Schmidt and loses puck.
8:32 of 3rd period - Wrist shot by Cutter Gauthier.
8:32 of 3rd period - Deflect By Collin Graf.
8:32 of 3rd period - Stopped by Yaroslav Askarov with a rebound.
9:12 of 3rd period - Brad Lambert is hit by Nate Schmidt and loses puck.
9:33 of 3rd period - Snap shot by Zachary L'Heureux.
9:33 of 3rd period - Shot Misses the Net.
9:35 of 3rd period - Snap shot by Zachary L'Heureux.
9:35 of 3rd period - Goal by Zachary L'Heureux - Winnipeg Jets : 3 - Detroit Red Wings : 5.
9:36 of 3rd period - Mikael Backlund wins face-off versus Cutter Gauthier in neutral zone.
10:31 of 3rd period - Off-side.
10:32 of 3rd period - Cutter Gauthier wins face-off versus Mikael Backlund in neutral zone.
10:43 of 3rd period - Slapshot by Cutter Gauthier.
10:43 of 3rd period - Stopped by Yaroslav Askarov with a rebound.
10:45 of 3rd period - Slapshot by Fraser Minten.
10:45 of 3rd period - Stopped by Yaroslav Askarov with a rebound.
11:18 of 3rd period - Snap shot by Alexis Lafreniere.
11:18 of 3rd period - Shot Misses the Net.
11:42 of 3rd period - Wrist shot by Cutter Gauthier.
11:42 of 3rd period - Shot Blocked by Jonas Brodin.
11:48 of 3rd period - Jayden Struble is hit by Dylan Samberg and loses puck.
11:59 of 3rd period - Wrist shot by Connor Bedard.
11:59 of 3rd period - Deflect By Ridly Greig.
11:59 of 3rd period - Shot Misses the Net.
11:59 of 3rd period - Puck is out of play.
12:00 of 3rd period - Mikael Backlund wins face-off versus Arthur Kaliyev in Detroit Red Wings zone.
12:40 of 3rd period - Icing by Shayne Gostisbehere.
12:41 of 3rd period - Adam Lowry wins face-off versus Cole Sillinger in Detroit Red Wings zone.
13:40 of 3rd period - Slapshot by Jamie Drysdale.
13:40 of 3rd period - Deflect By Nate Danielson.
13:40 of 3rd period - Shot Misses the Net.
13:40 of 3rd period - Puck is out of play.
13:41 of 3rd period - Mikael Backlund wins face-off versus Cutter Gauthier in Winnipeg Jets zone.
13:55 of 3rd period - Minor Penalty to Jayden Struble for Cross-checking.
13:56 of 3rd period - Adam Lowry wins face-off versus Kevin Stenlund in Detroit Red Wings zone.
15:55 of 3rd period - Penalty to Jayden Struble is over, Jayden Struble is back on ice.
16:57 of 3rd period - Jonas Brodin is hit by Shayne Gostisbehere and loses puck.
18:36 of 3rd period - Jayden Struble is hit by Connor Bedard and loses puck.
19:07 of 3rd period - Ryan Graves is hit by Mikael Backlund and loses puck.
19:18 of 3rd period - Mikael Backlund is hit by Shayne Gostisbehere and loses puck.
19:50 of 3rd period - Jamie Drysdale is hit by Matvei Michkov.
Goals for this period are 1 for Winnipeg Jets vs 2 for Detroit Red Wings.
Shots for this period are 3 for Winnipeg Jets vs 8 for Detroit Red Wings.